| TOP OF THE 1ST |
|
Tacoma Rainiers batting - Pitching for Salt Lake Bees : RHP Mike Tallerico
|
|
Pitching: RHP Mike Tallerico
|
|
|
Batting: RHB Brad Robidas
|
0-0: Ball 1-0: Foul Ball, location: 2F 1-1: Foul Ball, location: 2F 1-2: Foul Ball, location: 2F 1-2: Strikes out swinging
|
|
Batting: LHB Jawad Fahad
|
0-0: SINGLE (Groundball, 56, EV 101.9 MPH)
|
|
Batting: LHB Josh Pittman
|
0-0: Called Strike 0-1: Foul Ball, location: 2F 0-2: Fielders Choice at 2nd, 3-6 (Groundball, 3S, EV 90.0 MPH)
|
|
Batting: LHB Ryan Lowe
|
0-0: Foul Ball, location: 2F 0-1: Foul Ball, location: 2F 0-2: Foul Ball, location: 2F 0-2: Ball 1-2: Strikes out swinging
|
| Top of the 1st over - 0 runs, 1 hit, 0 errors, 1 left on base; Tacoma 0 - Salt Lake 0 |
| BOTTOM OF THE 1ST |
|
Salt Lake Bees batting - Pitching for Tacoma Rainiers : RHP Luis Castro
|
|
Pitching: RHP Luis Castro
|
|
|
Batting: SHB Butch Brown
|
0-0: Called Strike 0-1: Called Strike 0-2: Ball 1-2: Strikes out swinging
|
|
Batting: LHB Jack Bell
|
0-0: SINGLE (Groundball, 4M, EV 105.6 MPH)
|
|
Batting: RHB Melvin Gomez
|
0-0: Called Strike 0-1: Foul Ball, location: 2F 0-2: Ball 1-2: Ball 2-2: Foul Ball, location: 2F 2-2: Ball 3-2: Fly out, F8 (Flyball, 8RM, EV 91.9 MPH)
|
|
Batting: SHB Mario Padron
|
0-0: Ball 1-0: Ball Jack Bell is caught stealing 2nd base 2-6
|
| Bottom of the 1st over - 0 runs, 1 hit, 0 errors, 0 left on base; Tacoma 0 - Salt Lake 0 |
| TOP OF THE 2ND |
|
Tacoma Rainiers batting - Pitching for Salt Lake Bees : RHP Mike Tallerico
|
|
Batting: RHB Rick Ellis
|
0-0: Swinging Strike 0-1: Called Strike 0-2: Ball 1-2: Ball 2-2: Fly out, F9 (Flyball, 89M, EV 89.4 MPH)
|
|
Batting: RHB Bill Vives
|
0-0: Called Strike 0-1: Ball 1-1: Fly out, F8 (Line Drive, 78M, EV 91.2 MPH)
|
|
Batting: RHB Max Schellekens
|
0-0: Ground out 6-3 (Groundball, 56, EV 85.6 MPH)
|
| Top of the 2nd over - 0 runs, 0 hits, 0 errors, 0 left on base; Tacoma 0 - Salt Lake 0 |
| BOTTOM OF THE 2ND |
|
Salt Lake Bees batting - Pitching for Tacoma Rainiers : RHP Luis Castro
|
|
Batting: SHB Mario Padron
|
0-0: Foul Ball, location: 2F 0-1: Ball 1-1: SINGLE (Flyball, 7, EV 87.5 MPH)
|
|
Batting: RHB Jeff Long
|
0-0: Ball 1-0: Ball 2-0: Called Strike Mario Padron steals 2nd base 2-1: Ground out 4-3 (Groundball, 4, EV 85.0 MPH) Mario Padron to third
|
|
Batting: SHB Todd Hewitt
|
0-0: Fly out, F3 (Flyball, 3D, EV 86.9 MPH)
|
|
Batting: RHB Eric Davis
|
0-0: Ball 1-0: Called Strike 1-1: Ball 2-1: Fly out, F9 (Line Drive, 9, EV 86.9 MPH)
|
| Bottom of the 2nd over - 0 runs, 1 hit, 0 errors, 1 left on base; Tacoma 0 - Salt Lake 0 |
| TOP OF THE 3RD |
|
Tacoma Rainiers batting - Pitching for Salt Lake Bees : RHP Mike Tallerico
|
|
Batting: RHB Steve Martin
|
0-0: SINGLE (Line Drive, 6M, EV 94.4 MPH)
|
|
Batting: RHB Kagetoki Kawai
|
0-0: Ball 1-0: Ball 2-0: Ball 3-0: Called Strike 3-1: Base on Balls Steve Martin to second
|
|
Batting: RHB Brad Robidas
|
0-0: Ball 1-0: Grounds into double play, 4-6-3 (Groundball, 4, EV 104.4 MPH) Steve Martin to third
|
|
Batting: LHB Jawad Fahad
|
0-0: Called Strike 0-1: Ball 1-1: Called Strike 1-2: Strikes out swinging
|
| Top of the 3rd over - 0 runs, 1 hit, 0 errors, 1 left on base; Tacoma 0 - Salt Lake 0 |
| BOTTOM OF THE 3RD |
|
Salt Lake Bees batting - Pitching for Tacoma Rainiers : RHP Luis Castro
|
|
Batting: RHB Brandon Davis
|
0-0: Ball 1-0: Ball 2-0: Ball 3-0: Called Strike 3-1: Called Strike 3-2: Foul Ball, location: 2F 3-2: DOUBLE (Line Drive, 7LM, EV 110.6 MPH)
|
|
Batting: LHB Larry Prey
|
0-0: Ball 1-0: Swinging Strike 1-1: Called Strike 1-2: Strikes out swinging
|
|
Batting: SHB Butch Brown
|
0-0: Ball 1-0: Ball 2-0: Ball 3-0: Base on Balls
|
|
Batting: LHB Jack Bell
|
0-0: Fielders Choice at 2nd, 1-6 (Groundball, 34S, EV 61.2 MPH) Brandon Davis to third
|
|
Batting: RHB Melvin Gomez
|
0-0: Ball 1-0: Ball 2-0: Fly out, F7 (Flyball, 78S, EV 82.5 MPH)
|
| Bottom of the 3rd over - 0 runs, 1 hit, 0 errors, 2 left on base; Tacoma 0 - Salt Lake 0 |
| TOP OF THE 4TH |
|
Tacoma Rainiers batting - Pitching for Salt Lake Bees : RHP Mike Tallerico
|
|
Batting: LHB Josh Pittman
|
0-0: Ball 1-0: Ground out 6-3 (Groundball, 6, EV 82.5 MPH)
|
|
Batting: LHB Ryan Lowe
|
0-0: Ball 1-0: Fly out, F4 (Line Drive, 4MD, EV 68.1 MPH)
|
|
Batting: RHB Rick Ellis
|
0-0: Foul Ball, location: 2F 0-1: Foul Ball, location: 2F 0-2: Ball 1-2: Foul Ball, location: 2F 1-2: Ball 2-2: Ball 3-2: Base on Balls
|
|
Batting: RHB Bill Vives
|
0-0: Ball 1-0: Fly out, F8 (Flyball, 8LD, EV 98.1 MPH)
|
| Top of the 4th over - 0 runs, 0 hits, 0 errors, 1 left on base; Tacoma 0 - Salt Lake 0 |
| BOTTOM OF THE 4TH |
|
Salt Lake Bees batting - Pitching for Tacoma Rainiers : RHP Luis Castro
|
|
Batting: SHB Mario Padron
|
0-0: Called Strike 0-1: Foul Ball, location: 2F 0-2: Ball 1-2: Fly out, F9 (Flyball, 89S, EV 91.9 MPH)
|
|
Batting: RHB Jeff Long
|
0-0: Ball 1-0: Ball 2-0: Foul Ball, location: 2F 2-1: Ball 3-1: Swinging Strike 3-2: Ground out 4-3 (Groundball, 4M, EV 110.6 MPH)
|
|
Batting: SHB Todd Hewitt
|
0-0: Ball 1-0: Swinging Strike 1-1: Swinging Strike 1-2: Fly out, F8 (Flyball, 8LD, EV 75.6 MPH)
|
| Bottom of the 4th over - 0 runs, 0 hits, 0 errors, 0 left on base; Tacoma 0 - Salt Lake 0 |
| TOP OF THE 5TH |
|
Tacoma Rainiers batting - Pitching for Salt Lake Bees : RHP Mike Tallerico
|
|
Batting: RHB Max Schellekens
|
0-0: Called Strike 0-1: Ball 1-1: Ball 2-1: Foul Ball, location: 2F 2-2: Foul Ball, location: 2F 2-2: Foul Ball, location: 2F 2-2: Ground out 5-3 (Groundball, 56S, EV 81.9 MPH)
|
|
Batting: RHB Steve Martin
|
0-0: Ball 1-0: Foul Ball, location: 2F 1-1: Called Strike 1-2: Strikes out looking
|
|
Batting: RHB Kagetoki Kawai
|
0-0: Fly out, F9 (Flyball, 9, EV 91.9 MPH)
|
| Top of the 5th over - 0 runs, 0 hits, 0 errors, 0 left on base; Tacoma 0 - Salt Lake 0 |
| BOTTOM OF THE 5TH |
|
Salt Lake Bees batting - Pitching for Tacoma Rainiers : RHP Luis Castro
|
|
Batting: RHB Eric Davis
|
0-0: Ball 1-0: Called Strike 1-1: Foul Ball, location: 2F 1-2: Ground out 6-3 (Groundball, 56, EV 107.5 MPH)
|
|
Batting: RHB Brandon Davis
|
0-0: Ball 1-0: Ball 2-0: Called Strike 2-1: Ball 3-1: Base on Balls
|
|
Batting: LHB Larry Prey
|
0-0: Ball 1-0: Ball 2-0: Called Strike 2-1: Swinging Strike 2-2: Ball 3-2: Strikes out swinging
|
|
Batting: SHB Butch Brown
|
0-0: Called Strike Brandon Davis is caught stealing 2nd base 2-6
|
| Bottom of the 5th over - 0 runs, 0 hits, 0 errors, 0 left on base; Tacoma 0 - Salt Lake 0 |
| TOP OF THE 6TH |
|
Tacoma Rainiers batting - Pitching for Salt Lake Bees : RHP Mike Tallerico
|
|
Batting: RHB Brad Robidas
|
0-0: Ball 1-0: Ground out 1-3 (Groundball, 13S, EV 71.2 MPH)
|
|
Batting: LHB Jawad Fahad
|
0-0: Ball 1-0: Ball 2-0: Ball 3-0: Base on Balls
|
|
Batting: LHB Josh Pittman
|
0-0: Foul Ball, location: 2F 0-1: Ball 1-1: Foul Ball, location: 2F 1-2: Ball 2-2: Ball 3-2: Foul Ball, location: 2F 3-2: Grounds into double play, 4-6-3 (Groundball, 4, EV 89.4 MPH)
|
| Top of the 6th over - 0 runs, 0 hits, 0 errors, 0 left on base; Tacoma 0 - Salt Lake 0 |
| BOTTOM OF THE 6TH |
|
Salt Lake Bees batting - Pitching for Tacoma Rainiers : RHP Luis Castro
|
|
Batting: SHB Butch Brown
|
0-0: Ball 1-0: Foul Ball, location: 2F 1-1: Swinging Strike 1-2: Strikes out looking
|
|
Batting: LHB Jack Bell
|
0-0: Foul Ball, location: 2F 0-1: Ball 1-1: Foul Ball, location: 2F 1-2: Fly out, F7 (Line Drive, 7S, EV 102.5 MPH)
|
|
Batting: RHB Melvin Gomez
|
0-0: Foul Ball, location: 2F 0-1: SINGLE (Groundball, 5S, EV 72.5 MPH) (infield hit)
|
|
Batting: SHB Mario Padron
|
0-0: Ball Pickoff Throw to First - Out! 1-3
|
| Bottom of the 6th over - 0 runs, 1 hit, 0 errors, 0 left on base; Tacoma 0 - Salt Lake 0 |
| TOP OF THE 7TH |
|
Tacoma Rainiers batting - Pitching for Salt Lake Bees : RHP Mike Tallerico
|
|
Batting: LHB Ryan Lowe
|
0-0: Called Strike 0-1: Foul Ball, location: 2F 0-2: Foul Ball, location: 2F 0-2: Foul Ball, location: 2F 0-2: Hit by Pitch
|
|
Batting: RHB Rick Ellis
|
0-0: Ball 1-0: Ball 2-0: Foul Ball, location: 2F 2-1: Fielders Choice at 2nd, 4-6 (Groundball, 4, EV 85.6 MPH)
|
|
Batting: RHB Bill Vives
|
Pickoff Throw to First - Out! 1-3 0-0: Called Strike 0-1: Called Strike 0-2: Fly out, F4 (Popup, 34D, EV 52.5 MPH)
|
| Top of the 7th over - 0 runs, 0 hits, 0 errors, 0 left on base; Tacoma 0 - Salt Lake 0 |
| BOTTOM OF THE 7TH |
|
Salt Lake Bees batting - Pitching for Tacoma Rainiers : RHP Luis Castro
|
|
Batting: SHB Mario Padron
|
0-0: Ball 1-0: Ball 2-0: SINGLE (Line Drive, 9S, EV 103.1 MPH)
|
|
Batting: RHB Jeff Long
|
0-0: Swinging Strike 0-1: Ball 1-1: Called Strike Mario Padron is caught stealing 2nd base 2-4 1-2: Foul Ball, location: 2F 1-2: Ball 2-2: Foul Ball, location: 2F 2-2: Ball 3-2: Foul Ball, location: 2F 3-2: Foul Ball, location: 2F 3-2: Fly out, F8 (Flyball, 8LM, EV 78.1 MPH)
|
|
Batting: SHB Todd Hewitt
|
0-0: Foul Ball, location: 2F 0-1: Ball 1-1: Foul Ball, location: 2F 1-2: Ball 2-2: Strikes out swinging
|
| Bottom of the 7th over - 0 runs, 1 hit, 0 errors, 0 left on base; Tacoma 0 - Salt Lake 0 |
| TOP OF THE 8TH |
|
Tacoma Rainiers batting - Pitching for Salt Lake Bees : RHP Mike Tallerico
|
|
Batting: RHB Max Schellekens
|
0-0: SINGLE (Flyball, 89S, EV 94.4 MPH)
|
|
Batting: RHB Steve Martin
|
0-0: Bunt missed! 0-1: Sac Bunt to P - play at first, batter OUT! 1-3 Max Schellekens to second
|
|
Batting: RHB Kagetoki Kawai
|
0-0: Called Strike 0-1: Foul Ball, location: 2F 0-2: Ball 1-2: Ball 2-2: Ball 3-2: Fly out, F8 (Flyball, 8LD, EV 91.2 MPH)
|
|
Batting: RHB Brad Robidas
|
0-0: Ground out 4-3 (Groundball, 4, EV 91.9 MPH)
|
| Top of the 8th over - 0 runs, 1 hit, 0 errors, 1 left on base; Tacoma 0 - Salt Lake 0 |
| BOTTOM OF THE 8TH |
|
Salt Lake Bees batting - Pitching for Tacoma Rainiers : RHP Luis Castro
|
|
Pitching: LHP Adam Parrish
|
|
|
Batting: RHB Eric Davis
|
0-0: SINGLE (Groundball, 4D, EV 108.8 MPH)
|
|
Batting: RHB Brandon Davis
|
0-0: Sac Bunt to 25 - play at second, runner safe!
|
|
Pinch Runner at 2nd Jonathan Ellis:
|
|
|
Pinch Hitting: RHB Kian-tat Chen
|
0-0: DOUBLE (Line Drive, 89D, EV 101.2 MPH) Jonathan Ellis scores Brandon Davis to third
|
|
Batting: SHB Butch Brown
|
0-0: Intentional Walk
|
|
Batting: LHB Jack Bell
|
0-0: SINGLE (Groundball, 34, EV 104.4 MPH) Brandon Davis scores Kian-tat Chen to third Butch Brown to second Runner from 3rd tries for Home, SAFE, throw by RF to home
|
|
Batting: RHB Melvin Gomez
|
0-0: Called Strike 0-1: Foul Ball, location: 2F 0-2: Strikes out swinging
|
|
Batting: SHB Mario Padron
|
0-0: Ball 1-0: Ball 2-0: Ball 3-0: Base on Balls Butch Brown to third Jack Bell to second
|
|
Pitching: RHP T.J. Stahlman
|
|
|
Batting: RHB Jeff Long
|
0-0: Fly out, F8 (Line Drive, 8LM, EV 99.4 MPH) Runner from 3rd tags up, SCORES, no throw by CF
|
|
Batting: SHB Todd Hewitt
|
0-0: Called Strike 0-1: Ball 1-1: Fielders Choice at 2nd, 6-4 (Groundball, 6, EV 86.9 MPH)
|
| Bottom of the 8th over - 4 runs, 3 hits, 0 errors, 2 left on base; Tacoma 0 - Salt Lake 4 |
| TOP OF THE 9TH |
|
Tacoma Rainiers batting - Pitching for Salt Lake Bees : RHP Mike Tallerico
|
|
Now at 2B: Kian-tat Chen
|
|
|
Now at 3B: Jonathan Ellis
|
|
|
Batting: LHB Jawad Fahad
|
0-0: Swinging Strike 0-1: Ball 1-1: SINGLE (Groundball, 6M, EV 94.4 MPH)
|
|
Pitching: RHP Eric Cunningham
|
|
|
Batting: LHB Josh Pittman
|
0-0: Ball 1-0: Ball 2-0: Ball 3-0: Called Strike 3-1: Ground out 6-3 (Groundball, 4MS, EV 81.2 MPH) Jawad Fahad to second
|
|
Batting: LHB Ryan Lowe
|
0-0: Ball 1-0: Fly out, F9 (Flyball, 9D, EV 90.0 MPH) Runner from 2nd tags up, SAFE at 3rd, no throw by RF
|
|
Batting: RHB Rick Ellis
|
0-0: Ball 1-0: Ball 2-0: SINGLE (Groundball, 56D, EV 98.8 MPH) Jawad Fahad scores
|
|
Pitching: LHP Trevor Sharp
|
|
|
Batting: RHB Bill Vives
|
0-0: Ball 1-0: Ball 2-0: Ball 3-0: Called Strike 3-1: Called Strike 3-2: SINGLE (Groundball, 6MD, EV 111.9 MPH) Rick Ellis to second Rick Ellis to third
|
|
Batting: RHB Max Schellekens
|
0-0: Swinging Strike 0-1: Foul Ball, location: 2F 0-2: Foul Ball, location: 2F 0-2: Foul Ball, location: 2F 0-2: Strikes out looking
|
| Top of the 9th over - 1 run, 3 hits, 0 errors, 2 left on base; Tacoma 1 - Salt Lake 4 |
|